 Dungeon Crawl Stone Soup version 0.31.0-12-g77e489cdc1 (webtiles) character file.

Game seed: 18233926142501193211

16 spaghetti the Trooper (level 2, 35/35 HPs)
             Began as an Oni Fighter on Mar 2, 2024.
             Was an Initiate of Ashenzari.
             Quit the game on level 1 of the Dungeon.
             The game lasted 00:00:33 (515 turns).

spaghetti the Trooper (Oni Fighter)                  Turns: 515, Time: 00:00:34

Health: 35/35      AC:  3    Str: 19    XL:     2   Next: 54%
Magic:  2/2        EV:  8    Int:  9    God:    Ashenzari [......]
Gold:   14         SH:  7    Dex:  8    Spells: 1/1 levels left

rFire   . . .        a - +0 flail
rCold   . . .        c - +0 kite shield
rNeg    . . .        b - +0 robe
rPois   .            (helmet restricted)
rElec   .            (no cloak)
rCorr   .            (gloves unavailable)
SInv    .            (boots unavailable)
Will    .....        (no amulet)
Stlth   +            (no ring)
HPRegen 0.25/turn    (no ring)
MPRegen 0.08/turn

%: no passive effects
@: no status effects
A: large, unfitting armour, horns 1, tough skin 1, double potion healing,
drunken brawling
a: Renounce Religion, Curse Item


You were on level 1 of the Dungeon.
You worshipped Ashenzari.
Ashenzari was noncommittal.
You visited 1 branch of the dungeon, and saw 1 of its levels.

You collected 14 gold pieces.

Inventory:

Hand Weapons
 a - a +0 flail (weapon)
Armour
 b - a +0 robe (worn)
 c - a +0 kite shield (worn)
Jewellery
 e - a ring of flight
 h - a ring of resist corrosion
Scrolls
 g - a scroll of butterflies {unknown}
 i - a scroll of identify {unknown}
Potions
 d - a potion of might
 f - 2 potions of enlightenment {unknown}
 j - 2 potions of lignification {unknown}
 k - a potion of brilliance {unknown}


   Skills:
 + Level 5.1 Fighting
 - Level 2.0 Maces & Flails
 - Level 2.6 Dodging
 - Level 2.6 Shields


You had one spell level left.
You didn't know any spells.
Your spell library contained the following spells:

 Spells                   Type           Power      Damage    Failure   Level
 Dazzling Flash           Conj/Hex       0%         N/A       97%         3
 Fugue of the Fallen      Necr           0%         N/A       97%         3
 Ozocubu's Armour         Ice            0%         N/A       97%         3
 Volatile Blastmotes      Fire/Tloc      0%         2d10      97%         3
 Manifold Assault         Tloc           0%         N/A       100%        4
 Starburst                Conj/Fire      0%         6d3       100%        6
 Maxwell's Capacitive Co  Air            0%         ∞         100%        8


Dungeon Overview and Level Annotations

Branches:
Dungeon (1/15)

Altars:
Ashenzari


Innate Abilities, Weirdness & Mutations

You are too large for most types of armour.
You have a pair of small horns on your head.
You have tough skin. (AC +1)
You gain doubled healing and magic from potions.
Whenever you drink a healing potion, you attack all around you.


Message History

You barely miss the hobgoblin. The hobgoblin barely misses you.
The hobgoblin hits you but does no damage.
You closely miss the hobgoblin.
You headbutt the hobgoblin, but do no damage.
The hobgoblin completely misses you.
You closely miss the hobgoblin. Your headbutt misses the hobgoblin.
The hobgoblin hits you but does no damage. x2
You thump the hobgoblin!
You kill the hobgoblin!
No target in view!
No target in view!
No target in view!
You see here a +0 dagger.
Found a stone staircase leading down.
There is a stone staircase leading down here.
A quokka comes into view.
Found a stone staircase leading down.
A quokka is nearby!
A quokka is nearby!
Found 9 gold pieces.
There is a stone staircase leading down here.
You hit the quokka.
The quokka is severely wounded.
The quokka bites you but does no damage.
The quokka closely misses you.
You closely miss the quokka. Your headbutt misses the quokka.
The quokka is severely wounded.
The quokka bites you but does no damage.
You hit the quokka.
You kill the quokka!
No target in view!
No target in view!
No target in view!
No target in view!
No target in view!
No target in view!
No target in view!
Okay, then.
Unknown command.
Are you sure you want to abandon this character and quit the game? (Confirm with "yes".)

........#..^....
#..#.###...##.#.##.
#..#.......##.####.
##..#.###...##.# #.
.$...# #.#.#... ##
#..#.## #
#.....##..
#...!..... #@...# #
####.#.##.. ###.
#........... ...
#.#######... #.###
#.# ..#####...# #.#
.#........ #.##
..###.#.. #..#
#......_ ##.#
#.#####.


There were no monsters in sight!

Vanquished Creatures
  A dart slug (D:1)
  A bat (D:1)
  2 goblins (D:1)
  3 hobgoblins (D:1)
  A quokka (D:1)
  A ball python (D:1)
  2 frilled lizards (D:1)
  3 rats (D:1)
14 creatures vanquished.

Notes
Turn   | Place    | Note
-------+----------+-------------------------------------------
     0 | D:1      | spaghetti the Oni Fighter began the quest for the Orb.
     0 | D:1      | Reached XP level 1. HP: 24/24 MP: 1/1
   237 | D:1      | Found a faded altar of an unknown god.
   250 | D:1      | Prayed at the altar of an unknown god.
   250 | D:1      | Became a worshipper of Ashenzari the Shackled
   282 | D:1      | Reached XP level 2. HP: 33/33 MP: 2/2
   313 | D:1      | Reached skill level 5 in Fighting
   515 | D:1      | Quit the game

Illustrated notes

Levels and vault maps discovered:
D:1:      dpeg_arrival_arbitrary_a, layout_loops_ring, basic_ecumenical_altar

Skill      XL: |  1  2 |
---------------+-------+-----
Fighting       | 5 |  5.1
Maces & Flails | |  2.0
Dodging        | |  2.6
Shields        | |  2.6

Action                     || total
---------------------------++-------
  Melee: Flail             ||    29
         Headbutt          ||     7
 Armour: Robe              ||    14
  Dodge: Dodged            ||    13
  Block: Kite shield       ||     9
